 Dungeon Crawl Stone Soup version 0.30-a0-937-ga0a21ad780 (webtiles) character file.

Game seed: 9004960108363180441

107 Iniera the Magician (level 4, -5/23 (24) HPs)
             Began as a Deep Elf Earth Elementalist on Mar 24, 2023.
             Slain by Crazy Yiuf
             ... wielding a +4 quarterstaff of chaos
              (13 damage)
             ... on level 2 of the Dungeon.
             The game lasted 00:03:37 (1572 turns).

Iniera the Magician (Deep Elf Earth Elementalist)   Turns: 1572, Time: 00:03:37

HP:   -5/23 (24)    AC:  2    Str:  5    XL:     4   Next: 56%
MP:   0/12          EV: 12    Int: 22    God:
Gold: 80            SH:  4    Dex: 15    Spells: 7/11 levels left

rFire   . . .      SeeInvis .    c - +0 dagger
rCold   . . .      Faith    .    i - +0 buckler
rNeg    . . .      Spirit   .    a - +0 robe
rPois   .          Reflect  .    (no helmet)
rElec   .          Rampage  .    (no cloak)
rCorr   .                        (no gloves)
Will    .....                    (no boots)
Stlth   ++                       (no amulet)
HPRegen 0.23/turn                (no ring)
MPRegen 0.13/turn                (no ring)

@: very slightly contaminated, lightly drained
A: no striking features
a: no special abilities


You were on level 2 of the Dungeon.
You visited 1 branch of the dungeon, and saw 2 of its levels.

You collected 80 gold pieces.

Inventory:

Hand Weapons
 c - a +0 dagger (weapon)
Armour
 a - a +0 robe (worn)
 i - a +0 buckler (worn)
Scrolls
 d - a scroll of blinking
 f - a scroll of summoning {unknown}
 g - a scroll of immolation {unknown}
 h - a scroll of amnesia {unknown}
 k - a scroll of noise {unknown}
 m - a scroll of fear {unknown}
 q - a scroll of vulnerability {unknown}
 r - a scroll of enchant weapon {unknown}
Potions
 b - 2 potions of magic
 e - a potion of resistance
 l - a potion of might
 n - a potion of degeneration {unknown}
 o - a potion of attraction {unknown}
 p - a potion of heal wounds {unknown}
 s - a potion of mutation {unknown}


   Skills:
 - Level 2.4 Dodging
 - Level 2.4 Stealth
 * Level 1.7 Shields
 + Level 4.1 Spellcasting
 + Level 2.0 Conjurations
 - Level 1.1 Transmutations
 + Level 4.1 Earth Magic


You had 7 spell levels left.
You knew the following spells:

 Your Spells              Type           Power      Damage    Failure   Level
a - Sandblast             Erth           44%        2d11      2%          1
b - Stone Arrow           Conj/Erth      34%        3d9       12%         3

Your spell library contained the following spells:

 Spells                   Type           Power      Damage    Failure   Level
 Magic Dart               Conj           52%        1d5       6%          1
 Passwall                 Tmut/Erth      12%        N/A       8%          2
 Call Imp                 Summ           4%         N/A       22%         2
 Mephitic Cloud           Conj/Pois/Air  7%         N/A       32%         3
 Petrify                  Tmut/Erth      15%        N/A       45%         4


Dungeon Overview and Level Annotations

Branches:
Dungeon (2/15)

Altars:
Makhleb

Annotations:
D:2 Crazy Yiuf


Message History

The blast of sand hits Crazy Yiuf.
Crazy Yiuf is moderately wounded.
You block Crazy Yiuf's attack.
The blast of sand hits Crazy Yiuf.
Crazy Yiuf is moderately wounded.
Crazy Yiuf closely misses you. x2
The blast of sand hits Crazy Yiuf.
Crazy Yiuf is heavily wounded.
Crazy Yiuf closely misses you.
The blast of sand hits Crazy Yiuf.
Crazy Yiuf is severely wounded.
Crazy Yiuf hits you with a +4 quarterstaff of chaos!
Ouch! That really hurt!
You feel drained.
* * * LOW HITPOINT WARNING * * *
Crazy Yiuf says, "I'm not crazy!"
You block Crazy Yiuf's attack.
Your magical contamination has completely faded away.
Okay, then.
Okay, then.
Casting: Sandblast (safe; 2% risk of failure)
Confirm with . or Enter, or press ? or * to list all spells.
The spell is quite dangerous to miscast (12% risk of failure)!
Continue anyway?
Aiming: Stone Arrow (quite dangerous; 12% risk of failure)
Press: ? - help, Shift-Dir - straight line, f/p - Crazy Yiuf
Aim: Crazy Yiuf, wielding a +4 quarterstaff of chaos and wearing a +2 cloak of stealth (severely wounded, 72% to hit)
The stone arrow misses Crazy Yiuf.
Crazy Yiuf misses you.
Casting: Stone Arrow (quite dangerous; 12% risk of failure)
Confirm with . or Enter, or press ? or * to list all spells.
The spell is quite dangerous to miscast (12% risk of failure)!
Continue anyway?
Aiming: Stone Arrow (quite dangerous; 12% risk of failure)
Press: ? - help, Shift-Dir - straight line, f/p - Crazy Yiuf
Aim: Crazy Yiuf, wielding a +4 quarterstaff of chaos and wearing a +2 cloak of stealth (severely wounded, 72% to hit)
You miscast Stone Arrow.
You are very lightly contaminated with residual magic.
Nothing appears to happen.
Crazy Yiuf closely misses you.
You feel better.
Crazy Yiuf hits you with a +4 quarterstaff of chaos!
Ouch! That really hurt!
You die...

.†..###....#
##### ######
## .## #####
.[## #..)#
#..# #...#
.#.##### ...
.......####
#g#
#.##).....#
♣♣@♣
..........#
♣.♣♣
###.......##
♣♣.♣
#.[.....>#
♣.♣♣
#######.##
♣♣.♣♣ #.#
♣...♣♣ #.##
♣...P♣ #..#
#....#
##.####..##


You could see Crazy Yiuf.

Vanquished Creatures
  Jessica (D:2)
  5 adders (D:2)
  A dart slug (D:2)
  A bat (D:1)
  4 endoplasms
  4 giant cockroaches
  2 goblins
  4 jackals (D:2)
  4 ball pythons
  3 frilled lizards
  4 kobolds
  2 rats
35 creatures vanquished.

Notes
Turn   | Place    | Note
-------+----------+-------------------------------------------
     0 | D:1      | Iniera the Deep Elf Earth Elementalist began the quest for
                  | the Orb.
     0 | D:1      | Reached XP level 1. HP: 10/10 MP: 6/6
   259 | D:1      | Reached XP level 2. HP: 15/15 MP: 6/8
   313 | D:1      | Reached skill level 1 in Conjurations
  1081 | D:2      | Reached XP level 3. HP: 10/19 MP: 3/10
  1193 | D:2      | Reached skill level 1 in Shields
  1279 | D:2      | Found a burning altar of Makhleb.
  1398 | D:2      | Reached XP level 4. HP: 24/24 MP: 9/11
  1402 | D:2      | Learned a level 3 spell: Stone Arrow
  1491 | D:2      | Noticed Jessica
  1498 | D:2      | Killed Jessica
  1558 | D:2      | Found a runed translucent door.
  1559 | D:2      | Noticed Crazy Yiuf
  1569 | D:2      | HP: 1/23 [Crazy Yiuf/+4 quarterstaff of chaos (7)]
  1572 | D:2      | Slain by Crazy Yiuf

Illustrated notes

Levels and vault maps discovered:
D:1:      wander_arrival_chamber, layout_loops_corners
D:2:      layout_rooms, basic_altar, uniq_crazy_yiuf_cottage, uniq_jessica

Skill      XL: |  1  2  3  4 |
---------------+-------------+-----
Conjurations   | 1 2 |  2.0
Shields        | 1 |  1.7
Earth Magic    | 4 |  4.1
Spellcasting   | 4 |  4.1
Dodging        | |  2.4
Stealth        | |  2.4
Transmutations | |  1.1

Action                     |  1- 3 |  4- 6 || total
---------------------------+-------+-------++-------
  Melee: Dagger            |    18 |     3 ||    21
   Cast: Sandblast         |    38 |    14 ||    52
         Stone Arrow       |       |     1 ||     1
    Use: Scroll            |     4 |       ||     4
         Potion            |       |     1 ||     1
   Stab: Sleeping          |     1 |       ||     1
 Armour: Robe              |     5 |       ||     5
  Dodge: Dodged            |    26 |     8 ||    34
  Block: Buckler           |     2 |     7 ||     9

Table legend: (Time is in decaauts)
 A = Elapsed time spent in this place.
 B = Non-inter-level travel time spent in this place.
 C = Inter-level travel time spent in this place.
 D = Time resting spent in this place.
 E = Time spent auto-exploring this place.
 F = Levels seen in this place.
 G = Mean time per level.
                   A        B        C        D        E       F      G
               +--------+--------+--------+--------+--------+-----+--------+
         Total |   1599 |   1527 |     72 |     25 |   1262 |   2 |  799.5 |
       Dungeon |   1599 |   1527 |     72 |     25 |   1262 |   2 |  799.5 |
               +--------+--------+--------+--------+--------+-----+--------+

Top non-repeatable levels by time:
     D:1: 1120 daAuts
     D:2: 478 daAuts
